[Event "Titled Tuesday Blitz May 2 Late 2023"]
[White "Onslow, Alfie"]
[Black "Kjartansson, David"]
[WhiteFideId "436976"]
[BlackFideId "2301130"]
[WhiteElo "2114"]
[BlackElo "2333"]
[Result "0-1"]
[Round "04"]
[TimeControl "180+2"]
[Date "2023.05.02"]
[WhiteClock "0:00:04"]
[BlackClock "0:00:22"]

1. e4 d6 2. d4 Nf6 3. Nc3 e5 4. dxe5 dxe5 5. Qxd8+ Kxd8 6. f4 Nc6 7. Nf3 Bb4 8. Bd3 Bg4 9. Bd2 Bxf3 10. gxf3 exf4 11. a3 Bd6 12. Rg1 g6 13. Ne2 Nh5 14. O-O-O Ke7 15. Bb5 Be5 16. Bxc6 bxc6 17. Rg4 Rab8 18. Bb4+ Ke6 19. Nd4+ Bxd4 20. Rxd4 Rb5 21. Rc4 Kd7 22. Rg1 Rb6 23. Rd1+ Kc8 24. e5 Rd8 25. Rxd8+ Kxd8 26. Bc5 Ra6 27. Kd2 Kd7 28. Kd3 Ke6 29. Ke4 g5 30. Rd4 f5+ 31. exf6 Nxf6+ 32. Kd3 Nd7 33. Re4+ Kf5 34. Bd4 c5 35. Bc3 Rd6+ 36. Kc4 g4 37. Re7 gxf3 38. Rf7+ Kg4 39. Rg7+ Kh3 40. Rxh7+ Kg2 41. Rg7+ Kxh2 42. Be1 Rd1 43. Bf2 Rd2 44. Be1 Rxc2+ 45. Kd3 Rxb2 46. Bd2 c4+ 47. Kc3 Rb3+ 48. Kc2 Nf6 49. Bxf4+ Kh1 50. Kd2 Ne4+ 51. Ke1 Rb1+ 0-1


[Site "https://www.chess.com"]

[Event "Titled Tuesday Blitz May 2 Late 2023"]
[White "Atanasov, Anthony"]
[Black "Buchenau, Frank"]
[WhiteFideId "2623897"]
[BlackFideId "4604350"]
[WhiteElo "2326"]
[BlackElo "2157"]
[Result "0-1"]
[Round "04"]
[TimeControl "180+2"]
[Date "2023.05.02"]
[WhiteClock "0:00:08"]
[BlackClock "0:00:16"]

1. d4 e6 2. Bf4 Nf6 3. e3 d5 4. Nf3 c5 5. Nbd2 Nc6 6. c3 Bd6 7. Bg3 O-O 8. Bd3 b6 9. e4 Be7 10. e5 Nh5 11. Ng5 Bxg5 12. Qxh5 g6 13. Qe2 cxd4 14. h4 Bxd2+ 15. Qxd2 dxc3 16. bxc3 d4 17. c4 Qe7 18. Qh6 f6 19. h5 Qg7 20. hxg6 hxg6 21. exf6 Rxf6 22. Qxg7+ Kxg7 23. Be4 e5 24. Bxc6 Rxc6 25. Bxe5+ Kf7 26. Rh7+ Ke6 27. Bxd4 Rxc4 28. Be3 Ba6 29. Rd1 Rac8 30. Rxa7 Ra4 31. Rad7 Rxa2 32. R1d6+ Ke5 33. f4+ Kf5 34. Rf7+ Kg4 35. Rxg6+ Kh5 36. f5 Re2+ 37. Kd1 Rd8+ 38. Kc1 Rc8+ 39. Kb1 Bd3+ 40. Ka1 Ra8+ 41. Ra7 Rxa7# 0-1


[Site "https://www.chess.com"]

[Event "Titled Tuesday Blitz May 2 Late 2023"]
[White "Klenburg, Michael"]
[Black "Prieto Aranguren, Alain"]
[WhiteFideId "14102072"]
[BlackFideId "2268906"]
[WhiteElo "2396"]
[BlackElo "2209"]
[Result "1/2-1/2"]
[Round "04"]
[TimeControl "180+2"]
[Date "2023.05.02"]
[WhiteClock "0:01:12"]
[BlackClock "0:00:39"]

1. g3 h5 2. Nf3 Nc6 3. Bg2 e5 4. d3 Be7 5. c4 h4 6. Nc3 h3 7. Bf1 g5 8. e3 g4 9. Nd2 b6 10. Be2 f5 11. O-O Bb7 12. Nd5 Nf6 13. Nxe7 Qxe7 14. a3 O-O 15. b4 d5 16. cxd5 Nxd5 17. Bb2 Rad8 18. Qc2 Kh7 19. Rfe1 Qg5 20. Rac1 Nxe3 21. fxe3 Qxe3+ 22. Kf1 Ne7 23. Bf3 Qxd3+ 24. Qxd3 Rxd3 25. Bxb7 Rxd2 26. Rxc7 Rxb2 27. Rxe5 Rxh2 28. Rexe7+ Kg6 29. Re6+ Rf6 30. Ree7 Rf8 31. Re6+ Rf6 32. Ree7 Rf8 1/2-1/2


[Site "https://www.chess.com"]

[Event "Titled Tuesday Blitz May 2 Late 2023"]
[White "Benedetti, Julio"]
[Black "Estremera Panos, Sergio"]
[WhiteFideId "172545"]
[BlackFideId "2200864"]
[WhiteElo "2263"]
[BlackElo "2253"]
[Result "1-0"]
[Round "04"]
[TimeControl "180+2"]
[Date "2023.05.02"]
[WhiteClock "0:00:24"]
[BlackClock "0:00:02"]

1. e4 c5 2. Nc3 Nc6 3. f4 g6 4. Nf3 Bg7 5. Bc4 e6 6. f5 d5 7. fxe6 dxc4 8. exf7+ Kxf7 9. O-O Nf6 10. e5 Nxe5 11. Nxe5+ Kg8 12. Nxc4 Qd4+ 13. Ne3 h6 14. b3 Kh7 15. Bb2 Rd8 16. Na4 Qd6 17. Qf3 Nh5 18. Bxg7 Nxg7 19. Nc3 Be6 20. Ne4 Qe5 21. d3 Bf5 22. Nxf5 Nxf5 23. Rae1 Qd4+ 24. Kh1 Rf8 25. c3 Qg7 26. Nxc5 Qxc3 27. Qxb7+ Kh8 28. Ne6 Rfb8 29. Qf7 Rg8 30. d4 Qd3 31. Rf3 Qc2 32. Ref1 Nh4 33. Qf6+ Kh7 34. Qxh4 Qd2 35. Rf7+ Kh8 36. Qf6+ Rg7 37. Qxg7# 1-0


[Site "https://www.chess.com"]

[Event "Titled Tuesday Blitz May 2 Late 2023"]
[White "Tsotsonava, Elene"]
[Black "Marek, Matyas"]
[WhiteFideId "13615939"]
[BlackFideId "335398"]
[WhiteElo "1829"]
[BlackElo "2279"]
[Result "1-0"]
[Round "04"]
[TimeControl "180+2"]
[Date "2023.05.02"]
[WhiteClock "0:00:34"]
[BlackClock "0:00:20"]

1. d4 Nf6 2. Nf3 g6 3. c4 Bg7 4. g3 O-O 5. Bg2 d6 6. O-O Nc6 7. d5 Na5 8. Qa4 c5 9. Bd2 b6 10. Bc3 Bd7 11. Qc2 Bf5 12. Qc1 Rb8 13. Nbd2 a6 14. Re1 b5 15. b3 Ne4 16. Nxe4 Bxe4 17. Bxg7 Kxg7 18. Qc3+ Kg8 19. Nd2 Bxg2 20. Kxg2 Nb7 21. h4 Qa5 22. Qd3 bxc4 23. Nxc4 Qb5 24. h5 Na5 25. Nxa5 Qxa5 26. Rh1 Rb4 27. Qe3 c4 28. bxc4 Rxc4 29. Rad1 Qc3 30. Qxe7 Qe5 31. Qxe5 dxe5 32. Rd2 Rd8 33. hxg6 hxg6 34. Rb1 Rc5 35. e4 Rd6 36. Rb7 Rc4 37. f3 f5 38. exf5 gxf5 39. Re7 e4 40. fxe4 fxe4 41. Kf2 Kf8 42. Re5 Kf7 43. Ke3 Rc3+ 44. Kxe4 Rxg3 45. Rf2+ Kg7 46. Re7+ Kg8 47. Rb2 Rd8 48. d6 Rg4+ 49. Kd5 Rg6 50. d7 Kf8 51. Rbe2 Rg5+ 52. Kc6 Rxd7 53. Rxd7 Ra5 54. Rb2 1-0


[Site "https://www.chess.com"]

[Event "Titled Tuesday Blitz May 2 Late 2023"]
[White "Prem, Pranav"]
[Black "Kuznetsov, Felix"]
[WhiteFideId "30901057"]
[BlackFideId "34147990"]
[WhiteElo "1970"]
[BlackElo "2265"]
[Result "0-1"]
[Round "04"]
[TimeControl "180+2"]
[Date "2023.05.02"]
[WhiteClock "0:00:04"]
[BlackClock "0:00:09"]

1. d4 Nf6 2. c4 e6 3. Nf3 b6 4. g3 Bb7 5. Bg2 Be7 6. O-O O-O 7. Nc3 d5 8. Ne5 Na6 9. Qc2 Qc8 10. cxd5 exd5 11. Bf4 Qe6 12. Rac1 c5 13. Nf3 h6 14. Rfd1 Rfd8 15. a3 Ne4 16. Be3 Bf6 17. Qa4 Nc7 18. dxc5 Bxc3 19. bxc3 bxc5 20. Nd2 Nf6 21. Bf4 Bc6 22. Qa5 Nb5 23. a4 Nd6 24. Qxc5 Bxa4 25. Re1 Nde4 26. Qd4 Bc6 27. Nb3 a5 28. f3 a4 29. Nc5 Nxc5 30. Qxc5 Rac8 31. Qd4 Be8 32. e3 Rc4 33. Qd3 Rdc8 34. h4 Qc6 35. Be5 Nd7 36. Bd4 Nc5 37. Qf5 Bd7 38. Qc2 Nb3 39. Rb1 Nxd4 40. exd4 Rxc3 41. Qe2 Be6 42. Ra1 Rc2 43. Qe3 Rb8 44. Re2 Rbb2 45. Rae1 Rxe2 46. Rxe2 Rxe2 47. Qxe2 Qc1+ 48. Kh2 a3 49. Qa6 Qb2 0-1


[Site "https://www.chess.com"]

[Event "Titled Tuesday Blitz May 2 Late 2023"]
[White "Tomaszewski, Kacper"]
[Black "Ashraf, Artin"]
[WhiteFideId "1127373"]
[BlackFideId "22514805"]
[WhiteElo "2211"]
[BlackElo "2188"]
[Result "0-1"]
[Round "04"]
[TimeControl "180+2"]
[Date "2023.05.02"]
[WhiteClock "0:00:09"]
[BlackClock "0:00:03"]

1. e4 e5 2. Nf3 Nc6 3. Bc4 Bc5 4. c3 Nf6 5. d3 O-O 6. O-O d6 7. Bb3 h6 8. Nbd2 Be6 9. Bc2 a6 10. Nc4 Nxe4 11. dxe4 Bxc4 12. Re1 Be6 13. h3 Qf6 14. b4 Ba7 15. Bb3 Qg6 16. Nh4 Qf6 17. Nf5 Bxf5 18. exf5 Qxf5 19. Be3 Bxe3 20. Rxe3 Ne7 21. Bc2 Qf6 22. Qd3 g6 23. Rf3 Qg7 24. Re1 Rad8 25. c4 f5 26. Rfe3 Kh8 27. f4 e4 28. Qd2 c6 29. Rd1 d5 30. cxd5 cxd5 31. g4 d4 32. Ree1 d3 33. Bb3 Nc6 34. a3 Nd4 35. Qa2 Nf3+ 36. Kg2 Nxe1+ 37. Rxe1 fxg4 38. Rxe4 gxh3+ 39. Kh2 d2 40. Bd1 Rfe8 41. Rxe8+ Rxe8 42. Qxd2 Qe7 43. Qd4+ Kh7 44. Bf3 Qe3 45. Qd7+ Re7 46. Qd6 Qf2+ 47. Kxh3 Qxf3+ 48. Kh4 g5+ 49. fxg5 Re4+ 50. Qf4 Rxf4# 0-1


[Site "https://www.chess.com"]

[Event "Titled Tuesday Blitz May 2 Late 2023"]
[White "Yeritsyan, Hayk"]
[Black "Kucuksari, Kaan"]
[WhiteFideId "13307320"]
[BlackFideId "6380166"]
[WhiteElo "2241"]
[BlackElo "2364"]
[Result "0-1"]
[Round "04"]
[TimeControl "180+2"]
[Date "2023.05.02"]
[WhiteClock "0:01:33"]
[BlackClock "0:02:29"]

1. d4 f5 2. Nf3 Nf6 3. Bf4 e6 4. e3 b6 5. h3 Bb7 6. c3 Be7 7. Be2 O-O 8. O-O Ne4 9. Nbd2 d6 10. Nxe4 Bxe4 11. Nd2 Bb7 12. Bf3 Qc8 13. Bxb7 Qxb7 14. Nf3 Nd7 15. Qb3 Qd5 16. Qxd5 exd5 17. Rac1 Kf7 18. c4 dxc4 19. Rxc4 c5 20. Rd1 d5 21. Rcc1 c4 22. Be5 Rfc8 23. b3 b5 24. bxc4 dxc4 25. Rb1 b4 26. d5 c3 27. Rdc1 Nxe5 28. Nxe5+ Kf6 29. Nc6 Rxc6 30. dxc6 Rc8 31. Kf1 Rxc6 32. Ke2 a5 33. a4 Ke5 34. Kd3 Rd6+ 35. Kc4 Rd2 36. Kb5 Kd5 37. Kxa5 Kc4 38. Kb6 b3 39. a5 b2 40. Rh1 Bc5+ 41. Kb7 Rd7+ 42. Kc6 Rd6+ 43. Kb7 Kb3 44. a6 c2 45. a7 Bxa7 46. Kxa7 cxb1=Q 47. Rxb1 Kc2 0-1


[Site "https://www.chess.com"]

[Event "Titled Tuesday Blitz May 2 Late 2023"]
[White "Manukyan, Sargis A."]
[Black "Flynn, Jacob"]
[WhiteFideId "13303970"]
[BlackFideId "2509393"]
[WhiteElo "2187"]
[BlackElo "2053"]
[Result "1-0"]
[Round "04"]
[TimeControl "180+2"]
[Date "2023.05.02"]
[WhiteClock "0:00:59"]
[BlackClock "0:00:01"]

1. d4 Nf6 2. c4 e6 3. Nc3 Bb4 4. a3 Bxc3+ 5. bxc3 c5 6. e3 Nc6 7. Bd3 b6 8. Ne2 O-O 9. O-O Ba6 10. e4 Ne8 11. f4 f5 12. exf5 exf5 13. dxc5 bxc5 14. Ng3 Nd6 15. Be3 Qa5 16. Bxf5 Nxf5 17. Qd5+ Kh8 18. Nxf5 Qxc3 19. Bxc5 Bxc4 20. Qxd7 Bxf1 21. Bd4 Qxd4+ 22. Nxd4 Nxd4 23. Qxd4 Bb5 24. Rb1 Be8 25. Rb7 Rg8 26. h4 Bg6 27. Rd7 a5 28. g4 Bb1 29. f5 Raf8 30. Qb2 Be4 31. Qe5 Bc6 32. Rc7 Be8 33. h5 h6 34. Ra7 a4 35. Ra6 Kh7 36. Re6 Bf7 37. Re7 Bb3 38. Qe4 Rf6 39. Qd4 Rgf8 40. Ra7 Kh8 41. Kh2 Kh7 42. Kg3 Kh8 43. Kh4 Kh7 44. Qd7 R6f7 45. Qd4 Rxa7 46. Qxa7 Rf7 47. Qb6 Rf6 48. Qd8 Rf7 49. Qd3 Rf6 50. g5 hxg5+ 51. Kxg5 Kh8 52. Qd8+ Kh7 53. Qe8 Bf7 54. Qxa4 Rh6 55. Qg4 Ra6 56. Qf3 1-0


[Site "https://www.chess.com"]

[Event "Titled Tuesday Blitz May 2 Late 2023"]
[White "Pourkashiyan, Atousa"]
[Black "Antonica, Dragos-Andrei"]
[WhiteFideId "12502014"]
[BlackFideId "1246372"]
[WhiteElo "2228"]
[BlackElo "2285"]
[Result "0-1"]
[Round "04"]
[TimeControl "180+2"]
[Date "2023.05.02"]
[WhiteClock "0:00:01"]
[BlackClock "0:01:03"]

1. e4 c5 2. Nf3 e6 3. d4 cxd4 4. Nxd4 a6 5. Nc3 Qc7 6. Be2 Nf6 7. O-O b5 8. Re1 Bb7 9. Bf3 d6 10. e5 dxe5 11. Bxb7 Qxb7 12. Rxe5 Nbd7 13. Re1 Bc5 14. Nb3 Be7 15. Bf4 O-O 16. Bd6 Bxd6 17. Qxd6 Rfd8 18. Rad1 Qb6 19. h3 Qxd6 20. Rxd6 Kf8 21. Red1 Ke8 22. a3 Rdc8 23. Na5 Rc7 24. f4 Nc5 25. Nc6 Nfd7 26. Kf2 Nb7 27. R6d2 Rxc6 28. Rxd7 Nc5 29. R7d6 Rac8 30. Rxc6 Rxc6 31. Kf3 Nb7 32. Rd2 Nd6 33. Ne4 Nc4 34. Rd4 Nxb2 35. Nd6+ Ke7 36. Nb7 Nc4 37. Nd8 Rc8 38. Nb7 Rc7 39. Nd8 Nd6 40. Nxf7 Nxf7 0-1


[Site "https://www.chess.com"]

[Event "Titled Tuesday Blitz May 2 Late 2023"]
[White "Haszon, David"]
[Black "Feng, Eric"]
[WhiteFideId "733610"]
[BlackFideId "30952590"]
[WhiteElo "2210"]
[BlackElo "1785"]
[Result "1-0"]
[Round "04"]
[TimeControl "180+2"]
[Date "2023.05.02"]
[WhiteClock "0:01:34"]
[BlackClock "0:01:48"]

1. d4 Nf6 2. Nf3 e6 3. Bf4 d5 4. e3 Bd6 5. Bg3 O-O 6. Nbd2 c5 7. c3 Nc6 8. Bd3 Qe7 9. Ne5 Nd7 10. Nxd7 Bxd7 11. Bxd6 Qxd6 12. dxc5 Qxc5 13. Bxh7+ Kxh7 14. Qh5+ Kg8 15. Ne4 Qc4 16. Ng5 Qd3 17. e4 Rfd8 18. Qxf7+ Kh8 19. Rd1 Qc4 20. Qh5+ Kg8 21. Qh7+ Kf8 22. Qh8+ Ke7 23. Qxg7+ Kd6 24. Nf7+ Kc7 25. Qg3+ Kc8 26. Nd6+ 1-0


[Site "https://www.chess.com"]

[Event "Titled Tuesday Blitz May 2 Late 2023"]
[White "Dobrowolski, Piotr"]
[Black "Papayan, Oleg"]
[WhiteFideId "1106236"]
[BlackFideId "4193911"]
[WhiteElo "2320"]
[BlackElo "2153"]
[Result "0-1"]
[Round "04"]
[TimeControl "180+2"]
[Date "2023.05.02"]
[WhiteClock "0:00:01"]
[BlackClock "0:00:14"]

1. e4 d5 2. exd5 Qxd5 3. Nc3 Qa5 4. d4 Nf6 5. Nf3 Bf5 6. Ne5 c6 7. g4 Be6 8. Bc4 Bxc4 9. Nxc4 Qc7 10. Qf3 Qd7 11. Ne5 Qxd4 12. Bf4 Nbd7 13. Nxf7 Kxf7 14. Rd1 Ne5 15. Qg3 Ne4 16. Rxd4 Nxg3 17. Bxe5 Nxh1 18. f4 h5 19. g5 Ke8 20. Ne4 e6 21. Kf1 Rd8 22. Rxd8+ Kxd8 23. Kg2 h4 24. Kxh1 h3 25. Kg1 Rh4 26. Kf2 Rg4 27. Ng3 Bc5+ 28. Kf3 Rh4 29. Bxg7 Bg1 30. g6 Ke8 31. Bf6 Rh6 32. g7 Kf7 33. Bg5 Rh7 34. Bf6 Rh6 35. Ne4 Bxh2 36. Be5 Bg1 37. Ng5+ Kg8 38. f5 exf5 0-1


[Site "https://www.chess.com"]

[Event "Titled Tuesday Blitz May 2 Late 2023"]
[White "Dzida, Kamil"]
[Black "Bruedigam, Martin"]
[WhiteFideId "21828652"]
[BlackFideId "24608033"]
[WhiteElo "2139"]
[BlackElo "2331"]
[Result "1-0"]
[Round "04"]
[TimeControl "180+2"]
[Date "2023.05.02"]
[WhiteClock "0:00:30"]
[BlackClock "0:00:07"]

1. e4 c6 2. d4 d5 3. e5 Bf5 4. h4 Qc7 5. g4 Bd7 6. h5 c5 7. Nc3 cxd4 8. Nce2 Qxe5 9. Nf3 Qc7 10. Bf4 Qa5+ 11. Bd2 Qb6 12. Nexd4 Bxg4 13. Bb5+ Nc6 14. Be3 Qa5+ 15. c3 Rc8 16. Qb3 Bxf3 17. Nxf3 e6 18. h6 Ne7 19. hxg7 Bxg7 20. Rg1 Bf6 21. O-O-O Nf5 22. Bg5 Bg7 23. Rxd5 exd5 24. Qxd5 O-O 25. Qxf5 Kh8 26. Bf6 Rg8 27. Rh1 1-0


[Site "https://www.chess.com"]

[Event "Titled Tuesday Blitz May 2 Late 2023"]
[White "Kim, Sergey"]
[Black "Batsiashvili, Nino"]
[WhiteFideId "13700570"]
[BlackFideId "13602993"]
[WhiteElo "2295"]
[BlackElo "2231"]
[Result "0-1"]
[Round "04"]
[TimeControl "180+2"]
[Date "2023.05.02"]
[WhiteClock "0:01:13"]
[BlackClock "0:00:28"]

1. d4 Nf6 2. c4 e6 3. Nc3 Bb4 4. Qc2 O-O 5. a3 Bxc3+ 6. Qxc3 Qe8 7. Nf3 b6 8. g3 Bb7 9. Bg2 c5 10. dxc5 bxc5 11. O-O d6 12. b4 Qe7 13. Bb2 Nbd7 14. Rfd1 Rfc8 15. Rac1 Nb6 16. Qb3 Rab8 17. Bxf6 gxf6 18. b5 d5 19. cxd5 Bxd5 20. Qe3 c4 21. Nd4 Bxg2 22. Kxg2 Nd5 23. Qf3 Qf8 24. e4 Nb6 25. Nc6 Rb7 26. Qxf6 Qxa3 27. e5 Nd5 28. Qg5+ Kh8 29. Rxc4 Rg8 30. Qh5 Qf8 31. Nd4 Nf4+ 0-1


[Site "https://www.chess.com"]

[Event "Titled Tuesday Blitz May 2 Late 2023"]
[White "Ocelak, Jakub"]
[Black "Domingo Nunez, Ruben"]
[WhiteFideId "23707933"]
[BlackFideId "22245570"]
[WhiteElo "2044"]
[BlackElo "2404"]
[Result "0-1"]
[Round "04"]
[TimeControl "180+2"]
[Date "2023.05.02"]
[WhiteClock "0:00:12"]
[BlackClock "0:00:05"]

1. b3 a5 2. a4 h5 3. Bb2 Nc6 4. Nf3 d6 5. h3 e5 6. d4 e4 7. Nfd2 e3 8. Nf3 exf2+ 9. Kxf2 Nf6 10. Nbd2 d5 11. e3 Bd6 12. Bd3 h4 13. Rf1 Qe7 14. c4 Bg3+ 15. Ke2 O-O 16. Ba3 Nb4 17. Bxb4 axb4 18. Rh1 Re8 19. Nf1 Bf4 20. Qd2 Nh5 21. Kd1 Bh6 22. Kc2 dxc4 23. Bxc4 Bf5+ 24. Kb2 c5 25. Ne5 Be6 26. Qe2 Nf6 27. Bxe6 Qxe6 28. Qc4 Qe7 29. Rd1 cxd4 30. exd4 Ne4 31. Nh2 Nf2 32. Rdf1 Rac8 33. Qxf7+ Qxf7 34. Nxf7 Re2+ 35. Kb1 Nd3 36. Nxh6+ gxh6 37. Rf3 Rb2+ 38. Ka1 Rxb3 39. Rd1 Rcc3 40. Ng4 Ra3+ 41. Kb1 Rcb3+ 42. Kc2 Rb2# 0-1


[Site "https://www.chess.com"]

[Event "Titled Tuesday Blitz May 2 Late 2023"]
[White "Osmonbekov, Talaibek"]
[Black "Perske, Thore"]
[WhiteFideId "2017253"]
[BlackFideId "12902195"]
[WhiteElo "2135"]
[BlackElo "2336"]
[Result "0-1"]
[Round "04"]
[TimeControl "180+2"]
[Date "2023.05.02"]
[WhiteClock "0:00:02"]
[BlackClock "0:00:01"]

1. d4 d5 2. Bf4 c5 3. e3 Nc6 4. Nc3 Bf5 5. Nf3 e6 6. Bb5 Bd6 7. O-O Ne7 8. Re1 O-O 9. Bxd6 Qxd6 10. Bd3 cxd4 11. exd4 Qb4 12. Nb5 a6 13. c3 Qxb2 14. Rb1 Qxa2 15. Nd6 Bxd3 16. Qxd3 b5 17. Ra1 Qb2 18. Reb1 Qxa1 19. Rxa1 h6 20. g4 Ng6 21. Nb7 Ra7 22. Na5 Nce7 23. h4 Nf4 24. Qd2 Nfg6 25. h5 Nh8 26. Ne5 Rc8 27. Ra3 Rac7 28. f4 f6 29. Nf3 Nf7 30. Kg2 Nd6 31. Qe1 Ne4 32. g5 f5 33. gxh6 gxh6 34. Kh2 Rxc3 35. Rxc3 Rxc3 36. Qg1+ Kh7 37. Ne5 Rc2+ 38. Kh3 Nf2+ 39. Kh4 Ne4 40. Nac6 Nf2 0-1


[Site "https://www.chess.com"]

[Event "Titled Tuesday Blitz May 2 Late 2023"]
[White "Senft, Sean"]
[Black "Vlassov, Nikolai"]
[WhiteFideId "2044960"]
[BlackFideId "4103360"]
[WhiteElo "1989"]
[BlackElo "2324"]
[Result "0-1"]
[Round "04"]
[TimeControl "180+2"]
[Date "2023.05.02"]
[WhiteClock "0:00:04"]
[BlackClock "0:00:10"]

1. d4 Nf6 2. c4 Nc6 3. Nc3 e5 4. Nf3 exd4 5. Nxd4 Bb4 6. Nxc6 Bxc3+ 7. bxc3 dxc6 8. Qxd8+ Kxd8 9. Bg5 Ke7 10. e4 h6 11. Bxf6+ Kxf6 12. f4 c5 13. g3 b6 14. Bg2 Ke7 15. e5 Rb8 16. a4 a5 17. Ke2 Ba6 18. Bd5 Rbc8 19. Rhb1 Rhd8 20. Ke3 Rb8 21. Rd1 Rdc8 22. Bc6 Bxc4 23. Rd7+ Kf8 24. Rad1 Be6 25. R7d3 Ke7 26. Be4 Rd8 27. f5 Rxd3+ 28. Rxd3 Bd7 29. e6 fxe6 30. fxe6 Bxa4 31. Bf5 Bb5 32. Rd2 a4 33. Kf4 a3 34. Ke5 Ra8 35. Bb1 c4 36. Rf2 Be8 37. Ba2 Ra5+ 38. Kd4 Kxe6 39. Bxc4+ Kd6 40. Ba2 c5+ 41. Ke3 b5 42. Rd2+ Kc7 43. Rd5 Kc6 44. Re5 Bd7 45. Re7 b4 46. cxb4 cxb4 47. Kd4 Ra7 48. Rxg7 Kb5 49. Bc4+ Ka4 50. Be6 Bxe6 51. Rxa7+ Kb3 52. Ke5 Bc4 53. g4 a2 54. h4 Bb5 55. g5 hxg5 56. hxg5 Ba4 57. g6 a1=Q+ 0-1


[Site "https://www.chess.com"]

[Event "Titled Tuesday Blitz May 2 Late 2023"]
[White "Ricaurte Lopez, Juan Carlos"]
[Black "Leenhouts, Koen"]
[WhiteFideId "3600327"]
[BlackFideId "1008439"]
[WhiteElo "2200"]
[BlackElo "2409"]
[Result "0-1"]
[Round "04"]
[TimeControl "180+2"]
[Date "2023.05.02"]
[WhiteClock "0:00:12"]
[BlackClock "0:00:31"]

1. e4 c5 2. d4 cxd4 3. c3 Nf6 4. e5 Nd5 5. Qxd4 e6 6. Bd3 Nc6 7. Qe4 f5 8. Qe2 Bc5 9. Nf3 O-O 10. O-O b6 11. b4 Be7 12. a3 Bb7 13. c4 Nc7 14. Nc3 Rc8 15. Nd5 exd5 16. cxd5 Nxd5 17. Bc4 Nb8 18. Rd1 Rxc4 19. Qxc4 Qc8 20. Qb3 Qc3 21. Qa2 Kh8 22. Bb2 Qc2 23. Rd2 Qc6 24. Rc1 Qe6 25. Rcd1 Nf4 26. Qxe6 dxe6 27. Nd4 Bxg2 28. Nxe6 Nxe6 29. Kxg2 Nc6 30. Rd6 Bxd6 31. Rxd6 Ncd8 32. h3 h6 33. Kf3 Rf7 34. h4 Kh7 35. h5 Rc7 36. Bd4 Nf7 37. Rxe6 Ng5+ 0-1


[Site "https://www.chess.com"]

[Event "Titled Tuesday Blitz May 2 Late 2023"]
[White "Cueto, Jonny"]
[Black "Muradli, Mahammad"]
[WhiteFideId "3300145"]
[BlackFideId "13409301"]
[WhiteElo "2234"]
[BlackElo "2558"]
[Result "0-1"]
[Round "04"]
[TimeControl "180+2"]
[Date "2023.05.02"]
[WhiteClock "0:00:19"]
[BlackClock "0:00:48"]

1. d4 Nf6 2. Bf4 d6 3. Nc3 Nbd7 4. Nf3 c6 5. e4 Qc7 6. Be2 e5 7. Be3 Be7 8. h3 O-O 9. O-O a6 10. Re1 b5 11. a3 Bb7 12. Qd2 Rfe8 13. Rad1 Rad8 14. Bf1 Bf8 15. Qc1 exd4 16. Bxd4 c5 17. Bxf6 Nxf6 18. Bd3 c4 19. Bf1 Nxe4 20. Nxe4 Bxe4 0-1


[Site "https://www.chess.com"]

[Event "Titled Tuesday Blitz May 2 Late 2023"]
[White "Sokolovsky, Yahli"]
[Black "Todorovic, Bojan"]
[WhiteFideId "2820242"]
[BlackFideId "917087"]
[WhiteElo "2316"]
[BlackElo "2266"]
[Result "1-0"]
[Round "04"]
[TimeControl "180+2"]
[Date "2023.05.02"]
[WhiteClock "0:01:48"]
[BlackClock "0:00:40"]

1. b3 d5 2. Bb2 Bg4 3. h3 Bh5 4. Nf3 Nd7 5. e3 c6 6. d4 e6 7. Be2 Ngf6 8. Ne5 Bxe2 9. Qxe2 Bd6 10. Nd2 O-O 11. O-O Ne4 12. Nxe4 dxe4 13. c4 f5 14. Nxd7 Qxd7 15. f3 exf3 16. Qxf3 Bc7 17. Ba3 Rf6 18. Rad1 Rg6 19. d5 cxd5 20. cxd5 Rg3 21. dxe6 Qxe6 22. Qxf5 Qxe3+ 23. Kh1 h6 24. Qf7+ Kh8 25. Qxc7 1-0


[Site "https://www.chess.com"]

[Event "Titled Tuesday Blitz May 2 Late 2023"]
[White "Goltsev, Dmitry"]
[Black "Roux, Baptiste"]
[WhiteFideId "24176710"]
[BlackFideId "36017450"]
[WhiteElo "2336"]
[BlackElo "2077"]
[Result "1-0"]
[Round "04"]
[TimeControl "180+2"]
[Date "2023.05.02"]
[WhiteClock "0:01:55"]
[BlackClock "0:00:57"]

1. e4 e6 2. d4 d5 3. exd5 exd5 4. Nf3 Nc6 5. c4 Bb4+ 6. Nc3 Nf6 7. Bd3 Qe7+ 8. Be2 O-O 9. O-O dxc4 10. Bxc4 Bg4 11. Bg5 Bxc3 12. bxc3 Rfe8 13. h3 Bh5 14. Rb1 Na5 15. Bb5 c6 16. Ba4 Nc4 17. Bb3 Nb6 18. Rc1 h6 19. Bh4 g5 20. Bg3 Ne4 21. Be5 Kh7 22. Re1 f5 23. g4 fxg4 24. hxg4 Bg6 25. Bc2 Nxc3 26. Bxg6+ Kxg6 27. Qd3+ Ne4 28. Qxe4+ 1-0


[Site "https://www.chess.com"]

[Event "Titled Tuesday Blitz May 2 Late 2023"]
[White "Vakhlamov, Igor L."]
[Black "Fernandez Siles, Luis"]
[WhiteFideId "24126748"]
[BlackFideId "2209420"]
[WhiteElo "2400"]
[BlackElo "2195"]
[Result "1-0"]
[Round "04"]
[TimeControl "180+2"]
[Date "2023.05.02"]
[WhiteClock "0:01:26"]
[BlackClock "0:00:10"]

1. e4 c5 2. Nf3 Nc6 3. Nc3 g6 4. d4 cxd4 5. Nxd4 Bg7 6. Nxc6 bxc6 7. Bc4 Qa5 8. Bd2 Rb8 9. Bb3 d6 10. O-O Nf6 11. Re1 O-O 12. Nd5 Qd8 13. Nxf6+ Bxf6 14. c3 Be6 15. Bh6 Bg7 16. Bxg7 Kxg7 17. Qd4+ Kg8 18. Bxe6 fxe6 19. b3 Qb6 20. Rad1 e5 21. Qc4+ Kg7 22. Rd2 Rf4 23. Ree2 Rbf8 24. Qe6 R8f7 25. g3 Rf3 26. c4 h5 27. Kg2 h4 28. Qg4 hxg3 29. hxg3 R3f6 30. Rc2 Qc5 31. Qg5 a5 32. Qe3 Qxe3 33. Rxe3 Rf8 34. c5 dxc5 35. Rec3 Rd8 36. Rxc5 Rd4 37. Rxe5 Kf7 38. Rxa5 Rxe4 39. Rac5 Ree6 40. a4 Rd6 41. a5 Rd5 42. a6 Ke6 43. a7 Rf8 44. Rxc6+ 1-0


[Site "https://www.chess.com"]

[Event "Titled Tuesday Blitz May 2 Late 2023"]
[White "Guerra Tulcan, Lenin"]
[Black "Seder, Mohammed"]
[WhiteFideId "3601382"]
[BlackFideId "11505567"]
[WhiteElo "2368"]
[BlackElo "1862"]
[Result "1-0"]
[Round "04"]
[TimeControl "180+2"]
[Date "2023.05.02"]
[WhiteClock "0:00:35"]
[BlackClock "0:00:03"]

1. e4 c5 2. Nf3 Nc6 3. d4 cxd4 4. Nxd4 Nf6 5. Nc3 e5 6. Ndb5 d6 7. Bg5 a6 8. Na3 b5 9. Nd5 Be7 10. Bxf6 Bxf6 11. c4 b4 12. Nc2 Rb8 13. b3 O-O 14. Bd3 Bg5 15. h4 Bh6 16. g4 Bf4 17. Qf3 Be6 18. Rd1 Qd7 19. Rg1 Qa7 20. Nxf4 exf4 21. Qxf4 Nd4 22. Qe3 Nxc2+ 23. Bxc2 Qe7 24. Qg3 Rbd8 25. Kf1 Qc7 26. Kg2 Qc6 27. Kh2 a5 28. Rd4 Qc5 29. Rgd1 g6 30. Kg2 Kh8 31. Rxd6 Rxd6 32. Qxd6 Qc8 33. f3 Bxg4 34. fxg4 Qxg4+ 35. Qg3 Qe2+ 36. Qf2 Qg4+ 37. Kh2 f5 38. exf5 gxf5 39. Qd4+ Qxd4 40. Rxd4 Re8 41. Rd2 Re3 42. Bxf5 a4 43. c5 axb3 44. axb3 Rxb3 45. c6 Rc3 46. Rc2 Kg7 47. Rxc3 bxc3 48. c7 c2 49. c8=Q c1=Q 50. Qxc1 Kf6 51. Qg5+ Kf7 52. Bxh7 Kf8 53. Bf5 Kf7 54. Qg6+ Ke7 55. Qe6+ Kf8 56. Qd7 Kg8 57. Qe7 Kh8 58. Qh7# 1-0


[Site "https://www.chess.com"]

[Event "Titled Tuesday Blitz May 2 Late 2023"]
[White "Novik, Maxim"]
[Black "Hoffmann, Asa"]
[WhiteFideId "4102924"]
[BlackFideId "2001470"]
[WhiteElo "2287"]
[BlackElo "2117"]
[Result "1-0"]
[Round "04"]
[TimeControl "180+2"]
[Date "2023.05.02"]
[WhiteClock "0:01:25"]
[BlackClock "0:00:52"]

1. d4 Nf6 2. c4 c5 3. d5 e5 4. Nc3 d6 5. e4 Be7 6. Be2 Nbd7 7. Nf3 Nf8 8. O-O Ng6 9. Rb1 O-O 10. b4 cxb4 11. Rxb4 b6 12. a4 Nd7 13. Be3 Nc5 14. a5 bxa5 15. Rb5 Bd7 16. Rb1 Rb8 17. Bxc5 dxc5 18. Nd2 Rb4 19. Na2 Rb6 20. g3 f5 21. Nc3 Rb4 22. exf5 Bxf5 23. Nde4 Qb6 24. d6 Rxb1 25. Qd5+ Kh8 26. Rxb1 Qd8 27. dxe7 Qxe7 28. Rb7 Qe8 29. Rxa7 Qb8 30. Rb7 Qa8 31. Nxc5 1-0


[Site "https://www.chess.com"]